 Dungeon Crawl Stone Soup version 0.29.1-4-g47bece8355 (webtiles) character file.

Game seed: 4177727561547855297

21 mester the Vexing (level 2, -4/11 HPs)
             Began as a Felid Enchanter on Dec 1, 2022.
             Slain by a worm (9 damage)
             ... on level 2 of the Dungeon.
             The game lasted 00:04:56 (1187 turns).

mester the Vexing (Felid Enchanter)                 Turns: 1187, Time: 00:04:58

Health: -4/11      AC:  1    Str:  4    XL:     2   Next: 65%
Magic:  4/6        EV: 18    Int: 16    God:
Gold:   22         SH:  0    Dex: 16    Spells: 3/5 levels left
                                        Lives:  0   Deaths: 0

rFire   . . .      SeeInvis +     - Unarmed
rCold   . . .      Faith    .   (shield unavailable)
rNeg    . . .      Spirit   .   (body armour unavailable)
rPois   .          Reflect  .   (helmet unavailable)
rElec   .          Harm     .   (cloak unavailable)
rCorr   .          Rampage  .   (gloves unavailable)
Will    .....                   (boots unavailable)
Stlth   +++.......              (no amulet)
HPRegen 0.03/turn               (no ring)
MPRegen 0.10/turn               (no ring)

@: quick
A: very small, claws 1, fangs 3, see invisible, speed 1, shaggy fur 1, stealthy
paws, no weapons or thrown items, no armour, multi-lived
a: no special abilities


You were on level 2 of the Dungeon.
You visited 1 branch of the dungeon, and saw 2 of its levels.

You collected 22 gold pieces.

Inventory:

Scrolls
 b - a scroll of poison {unknown}
 e - a scroll of identify {unknown}
 j - a scroll of fog {unknown}
Potions
 a - 3 potions of invisibility
 c - 2 potions of resistance {unknown}
 d - a potion of attraction
 f - a potion of might {unknown}
 g - a potion of heal wounds
 h - a potion of curing {unknown}
 i - a potion of mutation {unknown}
 k - a potion of brilliance {unknown}


   Skills:
 * Level 3.4 Dodging
 * Level 4.5 Stealth
 * Level 1.5 Unarmed Combat
 + Level 2.0 Spellcasting
 + Level 4.5 Hexes


You had 3 spell levels left.
You knew the following spells:

 Your Spells              Type           Power      Damage    Failure   Level
a - Ensorcelled Hibernat  Hex/Ice        16%        N/A       12%         2

Your spell library contained the following spells:

 Spells                   Type           Power      Damage    Failure   Level
 Confusing Touch          Hex            16%        N/A       10%         3
 Tukima's Dance           Hex            16%        N/A       10%         3
 Dazzling Flash           Conj/Hex       16%        N/A       24%         3


Dungeon Overview and Level Annotations

Branches:
Dungeon (2/15)

Altars:


Innate Abilities, Weirdness & Mutations

You have sharp claws.
You have razor-sharp teeth.
You have supernaturally acute eyesight. (SInv)
You cover ground quickly. (Speed+)
You are covered in fur. (AC +1)
Your paws help you pounce on unaware monsters.
You are incapable of wielding weapons or throwing items.
You cannot wear armour.
You gain extra lives every three experience levels.


Message History

The adder is heavily wounded.
The adder bites you but does no damage. The adder closely misses you.
You barely miss the adder. You bite the adder.
The adder is heavily wounded.
The adder completely misses you.
You closely miss the adder.
The adder is heavily wounded.
The adder barely misses you.
You scratch the adder.
The adder is almost dead.
The adder barely misses you.
You scratch the adder.
You kill the adder!
Your Dodging skill increases to level 3!
Casting: Ensorcelled Hibernation (safe; 12% risk of failure)
Confirm with . or Enter, or press ? or * to list all spells.
Aiming: Ensorcelled Hibernation (safe; 12% risk of failure)
Press: ? - help, Shift-Dir - straight line, f - worm
Aim: a worm (chance to affect: 50%)
The worm looks drowsy...
You pounce on the unaware helpless worm!
You claw the worm!
The worm is heavily wounded.
The worm bites you.
Ouch! That really hurt!
You scratch the worm.
The worm is heavily wounded.
You scratch the worm but do no damage.
The worm is heavily wounded.
The worm misses you.
You scratch the worm but do no damage. You bite the worm, but do no damage.
The worm is heavily wounded.
You completely miss the worm.
The worm is heavily wounded.
The worm barely misses you.
You scratch the worm.
The worm is heavily wounded.
The worm bites you!
Ouch! That really hurt!
You die...

########.#
#####.@......#
#.....†w..$#.#
#.###.####.#
#.# #.# # #.#
#.# #.# #.#
.... #.# #.#
#.#.#. #.# #.#
#.....
#.###.####..#


You could see a worm.

Vanquished Creatures
  An adder (D:2)
  A ball python (D:1)
  A giant cockroach (D:1)
  A hobgoblin (D:1)
  A quokka (D:2)
  3 frilled lizards
  2 goblins (D:1)
  4 rats (D:1)
14 creatures vanquished.

Notes
Turn   | Place    | Note
-------+----------+-------------------------------------------
     0 | D:1      | mester the Felid Enchanter began the quest for the Orb.
     0 | D:1      | Reached XP level 1. HP: 7/7 MP: 4/4
    49 | D:1      | Found a faded altar of an unknown god.
   673 | D:1      | Reached XP level 2. HP: 9/11 MP: 6/6
   736 | D:1      | Learned a level 2 spell: Ensorcelled Hibernation
  1187 | D:2      | Slain by a worm

Illustrated notes

Levels and vault maps discovered:
D:1:      psy_arrival_fountain, layout_loops_ring, basic_ecumenical_altar
D:2:      layout_loops_ring, nicolae_elevator_lobby_asterisk

Skill      XL: |  1  2 |
---------------+-------+-----
Dodging        | 3 |  3.4
Stealth        | |  4.5
Unarmed Combat | |  1.5
Spellcasting   | |  2.0
Hexes          | |  4.5

Action                   || total
-------------------------++-------
Melee: Unarmed           ||    40
       Bite              ||     5
 Cast: Ensorcelled Hiber ||     4
  Use: Potion            ||     2
 Stab: Sleeping          ||     7
Armor: Skin              ||     3
Dodge: Dodged            ||    22
